NCAA
KANSAS JAYHAWKS @ BAYLOR BEARS
04/15/2023
 
TOP OF THE 1ST
Kansas Jayhawks batting - Pitching for Baylor Bears : RHP Larry Jenkins
Pitching: RHP Larry Jenkins
Batting: SHB Rudy Ryan 0-0: Ball
1-0: Foul Ball, location: 2F
1-1: Ball
2-1: Ball
3-1: Foul Ball, location: 2F
3-2: Strikes out swinging
Batting: RHB Domingo Hernández 0-0: Ball
1-0: Called Strike
1-1: DOUBLE (Flyball, 9LM)
Batting: LHB Juan Mendoza 0-0: Called Strike
0-1: Fly out, F9 (Flyball, 89M)
Batting: LHB Robert Moore 0-0: Ball
1-0: Called Strike
1-1: Fly out, F7 (Flyball, 78M)
Top of the 1st over - 0 run(s), 1 hit(s), 0 error(s), 1 left on base; Kansas 0 - Baylor 0
BOTTOM OF THE 1ST
Baylor Bears batting - Pitching for Kansas Jayhawks : RHP Bennett Greer
Pitching: RHP Bennett Greer
Batting: LHB David Taylor 0-0: Ball
1-0: Foul Ball, location: 2F
1-1: Ball
2-1: Foul Ball, location: 2F
2-2: Strikes out swinging
Batting: LHB John White 0-0: SINGLE (Groundball, 6MD)
Batting: RHB Horace Johnson 0-0: Called Strike
0-1: Ball
1-1: Ball
2-1: SINGLE (Flyball, 8RS)
John White to second
Batting: LHB Matt Reese 0-0: Foul Ball, location: 2F
0-1: Called Strike
0-2: Strikes out swinging
Batting: RHB Esteban Vargas 0-0: SINGLE (Line Drive, 9S)
John White to third
Horace Johnson to second
Runner from 3rd tries for Home, SAFE, no throw or cutoff
Batting: RHB John Krueger 0-0: Ball
1-0: Ball
2-0: Ball
3-0: Called Strike
3-1: Called Strike
3-2: Base on Balls
Horace Johnson to third
Esteban Vargas to second
Batting: RHB Guy Morrison 0-0: Swinging Strike
0-1: Foul Ball, location: 2F
0-2: Ball
1-2: Ball
2-2: Ground out 1-3 (Groundball, 15)
Bottom of the 1st over - 1 run(s), 3 hit(s), 0 error(s), 3 left on base; Kansas 0 - Baylor 1
TOP OF THE 2ND
Kansas Jayhawks batting - Pitching for Baylor Bears : RHP Larry Jenkins
Batting: LHB Greg Nelson 0-0: Ball
1-0: SOLO HOME RUN (Flyball, 8RXD), Distance : 385 ft
Batting: LHB Milo Powers 0-0: Fly out, F8 (Flyball, 89M)
Batting: RHB Richie Miller 0-0: Called Strike
0-1: Swinging Strike
0-2: Ball
1-2: Strikes out swinging
Batting: LHB John Christopher 0-0: Swinging Strike
0-1: Ball
1-1: SINGLE (Groundball, 34D)
Batting: RHB Dave Harris 0-0: Ball
1-0: Ball
2-0: Ball
3-0: Called Strike
3-1: Swinging Strike
3-2: Strikes out swinging
Top of the 2nd over - 1 run(s), 2 hit(s), 0 error(s), 1 left on base; Kansas 1 - Baylor 1
BOTTOM OF THE 2ND
Baylor Bears batting - Pitching for Kansas Jayhawks : RHP Bennett Greer
Batting: LHB Brian Richardson 0-0: Swinging Strike
0-1: Foul Ball, location: 2F
0-2: Ground out 4-3 (Groundball, 34)
Batting: LHB Brett Jackson 0-0: Ball
1-0: Ball
2-0: Ball
3-0: Called Strike
3-1: SINGLE (Groundball, 6MD)
Batting: LHB David Taylor 0-0: Called Strike
0-1: Ball
1-1: DOUBLE (Flyball, 9LM)
Brett Jackson to third
Batting: LHB John White 0-0: 3-RUN HOME RUN (Flyball, 8RXD), Distance : 410 ft
Batting: RHB Horace Johnson 0-0: Ball
1-0: Ball
2-0: Swinging Strike
2-1: Foul Ball, location: 2F
2-2: Strikes out swinging
Batting: LHB Matt Reese 0-0: Ball
1-0: Ground out 6-3 (Groundball, 6M)
Bottom of the 2nd over - 3 run(s), 3 hit(s), 0 error(s), 0 left on base; Kansas 1 - Baylor 4
TOP OF THE 3RD
Kansas Jayhawks batting - Pitching for Baylor Bears : RHP Larry Jenkins
Batting: SHB Rudy Ryan 0-0: Ball
1-0: Fly out, F6 (Popup, 56)
Batting: RHB Domingo Hernández 0-0: Ball
1-0: Swinging Strike
1-1: Ball
2-1: Foul Ball, location: 2F
2-2: Ball
3-2: Foul Ball, location: 2F
3-2: Base on Balls
Batting: LHB Juan Mendoza 0-0: Grounds into double play, 1-4-3 (Groundball, 13S)
Top of the 3rd over - 0 run(s), 0 hit(s), 0 error(s), 0 left on base; Kansas 1 - Baylor 4
BOTTOM OF THE 3RD
Baylor Bears batting - Pitching for Kansas Jayhawks : RHP Bennett Greer
Batting: RHB Esteban Vargas 0-0: Foul Ball, location: 2F
0-1: Called Strike
0-2: Ball
1-2: SINGLE (Groundball, 6)
Batting: RHB John Krueger 0-0: Called Strike
0-1: Ball
1-1: Called Strike
1-2: Ball
2-2: Foul Ball, location: 2F
2-2: Ball
Wild Pitch!
Esteban Vargas to second
3-2: Ground out 3-1 (Groundball, 34)
Esteban Vargas to third
Batting: RHB Guy Morrison 0-0: Called Strike
0-1: Ball
1-1: Called Strike
1-2: Strikes out swinging
Batting: LHB Brian Richardson 0-0: Foul Ball, location: 2F
0-1: Called Strike
0-2: Ball
1-2: Ball
2-2: Foul Ball, location: 2F
2-2: Ball
3-2: Ground out 3-1 (Groundball, 3L)
Bottom of the 3rd over - 0 run(s), 1 hit(s), 0 error(s), 1 left on base; Kansas 1 - Baylor 4
TOP OF THE 4TH
Kansas Jayhawks batting - Pitching for Baylor Bears : RHP Larry Jenkins
Batting: LHB Robert Moore 0-0: SINGLE (Groundball, 4M)
Batting: LHB Greg Nelson 0-0: SINGLE (Flyball, 7S)
Robert Moore to second
Batting: LHB Milo Powers 0-0: Ball
1-0: Foul Ball, location: 2F
1-1: Swinging Strike
1-2: Grounds into double play, 2-4-3 (Groundball, 2L)
Robert Moore to third
Batting: RHB Richie Miller 0-0: Swinging Strike
0-1: Ball
1-1: Ground out 5-3 (Groundball, 5S)
Top of the 4th over - 0 run(s), 2 hit(s), 0 error(s), 1 left on base; Kansas 1 - Baylor 4
BOTTOM OF THE 4TH
Baylor Bears batting - Pitching for Kansas Jayhawks : RHP Bennett Greer
Batting: LHB Brett Jackson 0-0: Ball
1-0: SINGLE (Line Drive, 34)
Batting: LHB David Taylor 0-0: Called Strike
0-1: Ball
1-1: Ball
2-1: Foul Ball, location: 2F
2-2: Foul Ball, location: 2F
2-2: Strikes out looking
Batting: LHB John White 0-0: Ball
1-0: Called Strike
1-1: Ball
2-1: Fly out, F7 (Line Drive, 7M)
Batting: RHB Horace Johnson 0-0: Fly out, F9 (Line Drive, 9M)
Bottom of the 4th over - 0 run(s), 1 hit(s), 0 error(s), 1 left on base; Kansas 1 - Baylor 4
TOP OF THE 5TH
Kansas Jayhawks batting - Pitching for Baylor Bears : RHP Larry Jenkins
Batting: LHB John Christopher 0-0: Hit by Pitch
Batting: RHB Dave Harris 0-0: Ball
1-0: Ball
Passed Ball!
John Christopher to second
2-0: Called Strike
2-1: Ball
3-1: Base on Balls
Batting: SHB Rudy Ryan 0-0: Foul Ball, location: 2F
0-1: Foul Ball, location: 2F
0-2: Strikes out swinging
Batting: RHB Domingo Hernández 0-0: Ball
1-0: Ball
John Christopher steals 3rd base
Dave Harris to second
2-0: Ball
3-0: Base on Balls
Batting: LHB Juan Mendoza 0-0: Ball
1-0: Called Strike
1-1: Ball
2-1: Fly out, F8 (Flyball, 8RM)
Runner from 3rd tags up, SCORES, no throw
Batting: LHB Robert Moore 0-0: Called Strike
0-1: Ball
1-1: Ground out 4-3 (Groundball, 4)
Top of the 5th over - 1 run(s), 0 hit(s), 0 error(s), 2 left on base; Kansas 2 - Baylor 4
BOTTOM OF THE 5TH
Baylor Bears batting - Pitching for Kansas Jayhawks : RHP Bennett Greer
Batting: LHB Matt Reese 0-0: Foul Ball, location: 2F
0-1: Swinging Strike
0-2: Foul Ball, location: 2F
0-2: Ball
1-2: Ball
2-2: Strikes out swinging
Pitching: RHP William Houston
Batting: RHB Esteban Vargas 0-0: Called Strike
0-1: Ball
1-1: Ball
2-1: Ground out 1-3 (Groundball, 15)
Batting: RHB John Krueger 0-0: Ground out 6-3 (Groundball, 6)
Bottom of the 5th over - 0 run(s), 0 hit(s), 0 error(s), 0 left on base; Kansas 2 - Baylor 4
TOP OF THE 6TH
Kansas Jayhawks batting - Pitching for Baylor Bears : RHP Larry Jenkins
Batting: LHB Greg Nelson 0-0: Ball
1-0: Ball
2-0: Ball
3-0: Called Strike
3-1: Swinging Strike
3-2: Foul Ball, location: 2F
3-2: Base on Balls
Batting: LHB Milo Powers 0-0: Ball
1-0: Ball
2-0: Ball
3-0: Called Strike
3-1: Base on Balls
Greg Nelson to second
Pitching: RHP Cecil Cleveland
Batting: RHB Richie Miller 0-0: Ball
1-0: Fly out, F8 (Flyball, 8LM)
Batting: LHB John Christopher 0-0: Swinging Strike
0-1: Called Strike
0-2: Ball
1-2: Ball
2-2: Foul Ball, location: 2F
2-2: Strikes out swinging
Batting: RHB Dave Harris 0-0: Ball
1-0: Ball
2-0: Ball
3-0: Base on Balls
Greg Nelson to third
Milo Powers to second
Batting: SHB Rudy Ryan 0-0: Ground out 5-3 (Groundball, 6S)
Top of the 6th over - 0 run(s), 0 hit(s), 0 error(s), 3 left on base; Kansas 2 - Baylor 4
BOTTOM OF THE 6TH
Baylor Bears batting - Pitching for Kansas Jayhawks : RHP William Houston
Batting: RHB Guy Morrison 0-0: Ball
1-0: Called Strike
1-1: Reached on error, E4 (Groundball, 4)
Batting: LHB Brian Richardson 0-0: Hit by Pitch
Guy Morrison to second
Batting: LHB Brett Jackson 0-0: Ball
1-0: Called Strike
1-1: Foul Ball, location: 2F
1-2: Strikes out looking
Batting: LHB David Taylor 0-0: Called Strike
0-1: Fly out, F9 (Flyball, 89S)
Batting: LHB John White 0-0: Foul Ball, location: 2F
0-1: Ground out 4-3 (Groundball, 4)
Bottom of the 6th over - 0 run(s), 0 hit(s), 1 error(s), 2 left on base; Kansas 2 - Baylor 4
TOP OF THE 7TH
Kansas Jayhawks batting - Pitching for Baylor Bears : RHP Cecil Cleveland
Batting: RHB Domingo Hernández 0-0: Ground out 6-3 (Groundball, 6M)
Batting: LHB Juan Mendoza 0-0: Called Strike
0-1: Ball
1-1: Ball
2-1: Foul Ball, location: 2F
2-2: Strikes out swinging
Batting: LHB Robert Moore 0-0: Called Strike
0-1: Ball
1-1: Ball
2-1: Ground out U3 (Groundball, 3L)
Top of the 7th over - 0 run(s), 0 hit(s), 0 error(s), 0 left on base; Kansas 2 - Baylor 4
BOTTOM OF THE 7TH
Baylor Bears batting - Pitching for Kansas Jayhawks : RHP William Houston
Batting: RHB Horace Johnson 0-0: Called Strike
0-1: Ball
1-1: SINGLE (Line Drive, 9LS)
Batting: LHB Matt Reese 0-0: Ground out 4-3 (Groundball, 4M)
Horace Johnson to second
Batting: RHB Esteban Vargas 0-0: Intentional Walk
Pitching: RHP Arturo Rodríguez
Batting: RHB John Krueger 0-0: Ball
1-0: Ball
2-0: Fly out, F8 (Flyball, 8LM)
Batting: RHB Guy Morrison 0-0: Fly out, F5 (Line Drive, 56)
Bottom of the 7th over - 0 run(s), 1 hit(s), 0 error(s), 2 left on base; Kansas 2 - Baylor 4
TOP OF THE 8TH
Kansas Jayhawks batting - Pitching for Baylor Bears : RHP Cecil Cleveland
Pitching: RHP Luke Rogers
Now at 2B: Lakota O'Reilly
Now in LF: Jorge Gabaldón
Batting: LHB Greg Nelson 0-0: Ball
1-0: Ball
2-0: Foul Ball, location: 2F
2-1: Foul Ball, location: 2F
2-2: Ball
3-2: Foul Ball, location: 2F
3-2: Strikes out swinging
Batting: LHB Milo Powers 0-0: Called Strike
0-1: Ground out 4-3 (Groundball, 4)
Batting: RHB Richie Miller 0-0: Ball
1-0: Ball
2-0: Called Strike
2-1: SINGLE (Line Drive, 34)
Pitching: RHP Chuck Andrews
Batting: LHB John Christopher 0-0: Ball
1-0: Ball
2-0: Ball
3-0: Foul Ball, location: 2F
3-1: Base on Balls
Richie Miller to second
Batting: RHB Dave Harris 0-0: Ball
1-0: Ball
2-0: Ground out 6-3 (Groundball, 6)
Top of the 8th over - 0 run(s), 1 hit(s), 0 error(s), 2 left on base; Kansas 2 - Baylor 4
BOTTOM OF THE 8TH
Baylor Bears batting - Pitching for Kansas Jayhawks : RHP Arturo Rodríguez
Batting: LHB Brian Richardson 0-0: Foul Ball, location: 2F
0-1: Ball
1-1: Ball
2-1: Ball
3-1: Foul Ball, location: 2F
3-2: Strikes out looking
Batting: LHB Brett Jackson 0-0: Ball
1-0: Called Strike
1-1: Ball
2-1: Ball
3-1: Foul Ball, location: 2F
3-2: Base on Balls
Batting: LHB David Taylor 0-0: Ball
1-0: Ball
2-0: Called Strike
2-1: Foul Ball, location: 2F
2-2: Grounds into double play, 4-6-3 (Groundball, 4)
Bottom of the 8th over - 0 run(s), 0 hit(s), 0 error(s), 0 left on base; Kansas 2 - Baylor 4
TOP OF THE 9TH
Kansas Jayhawks batting - Pitching for Baylor Bears : RHP Chuck Andrews
Pitching: RHP Walt Carter
Batting: SHB Rudy Ryan 0-0: Ball
1-0: Foul Ball, location: 2F
1-1: Called Strike
1-2: Foul Ball, location: 2F
1-2: Foul Ball, location: 2F
1-2: Strikes out swinging
Batting: RHB Domingo Hernández 0-0: Ball
1-0: Ball
2-0: Called Strike
2-1: Fly out, F7 (Flyball, 78M)
Batting: LHB Juan Mendoza 0-0: Fly out, F9 (Flyball, 89M)
Top of the 9th over - 0 run(s), 0 hit(s), 0 error(s), 0 left on base; Kansas 2 - Baylor 4
This league is powered by Out of the Park Baseball, the baseball management simulation game for PC, Mac and Linux
Wednesday, December 2nd, 2015 - OOTP Baseball 16.8 Build 38